 Dungeon Crawl Stone Soup version 0.29-a0-857-g9b1aa3ac5b (webtiles) character file.

Game seed: 5245894740761369829

1 xian the Sneak (level 1, -7/16 HPs)
             Began as an Octopode Delver on July 16, 2022.
             Mangled by an ogre
             ... wielding a +0 giant club
              (23 damage)
             ... on level 4 of the Dungeon.
             The game lasted 00:01:23 (188 turns).

xian the Sneak (Octopode Delver)                     Turns: 188, Time: 00:01:24

Health: -7/16      AC:  1    Str: 11    XL:     1   Next: 20%
Magic:  1/1        EV: 13    Int: 12    God:
Gold:   14         SH:  0    Dex: 13    Spells: 0/0 levels left

rFire   . . .      SeeInvis .   a - +0 falchion
rCold   . . .      Faith    .   (no shield)
rNeg    . . .      Spirit   .   (helmet restricted)
rPois   .          Reflect  .   (no amulet)
rElec   .          Harm     .   (no ring)
rCorr   .          Rampage  .   (no ring)
Will    .....                   (no ring)
Stlth   ++++......              (no ring)
HPRegen 0.05/turn               (no ring)
MPRegen 0.07/turn               (no ring)
                                (no ring)
                                (no ring)

@: no status effects
A: almost no armour, amphibious, 8 rings, camouflage 1, gelatinous body 1,
(nimble swimmer 1), tentacles
a: no special abilities


You were on level 4 of the Dungeon.
You visited 1 branch of the dungeon, and saw 2 of its levels.

You collected 14 gold pieces.

Inventory:

Hand Weapons
 a - a +0 falchion (weapon)
Missiles
 g - 2 poisoned darts (quivered)
Wands
 f - a wand of digging (3)
Scrolls
 b - a scroll of fog
 c - a scroll of magic mapping
Potions
 e - a potion of haste
 h - a potion of brilliance {unknown}


   Skills:
 + Level 3.0 Fighting
 + Level 2.0 Long Blades
 + Level 2.0 Dodging
 + Level 6.7 Stealth


You couldn't memorise any spells.
You didn't know any spells.
Your spell library was empty.

Dungeon Overview and Level Annotations

Branches:
Dungeon (5/15)
 Temple: D:4-7

Altars:
Nemelex Xobeh


Innate Abilities, Weirdness & Mutations

You cannot wear most types of armour.
You are amphibious.
You can wear up to eight rings at the same time.
Your skin changes colour to match your surroundings (Stealth+).
Your rubbery body absorbs attacks. (AC +1, EV +1)
((You are camouflaged when in or above water. (Stealth+)))
You have tentacles for arms and can constrict up to eight enemies at once.


Message History

You throw a poisoned dart. The poisoned dart hits the hobgoblin.
The hobgoblin looks even sicker.
The hobgoblin is heavily wounded.
You throw a poisoned dart.
The poisoned dart closely misses the hobgoblin.
You throw a poisoned dart.
The poisoned dart barely misses the hobgoblin.
You kill the hobgoblin!
A kobold comes into view. It is wielding a +0 club.
An ogre comes into view. It is wielding a +0 giant club.
Found a stone staircase leading up.
You see here a hobgoblin corpse.
Nothing quivered!
There is a stone staircase leading down here.
Okay, then.
As you read the scroll of fear, it crumbles to dust.
You assume a fearsome visage.
The ogre looks frightened!
You open the door.
A gnoll and an adder come into view.
Found a whip.
There is an open door here.
There is an open door here.
There are monsters nearby!
The ogre shouts!
You see here a hobgoblin corpse.
You see here a poisoned dart.
g - a poisoned dart You see here a poisoned dart.
g - 2 poisoned darts (gained 1)
You see here 2 poisoned darts.
Found a red potion.
There are no items here.
An adder comes into view.
The ogre closely misses you.
Found a sparkling altar of Nemelex Xobeh.
The kobold shouts!
There is a stone staircase leading up here.
The ogre hits you with a +0 giant club!!
Ouch! That really hurt!
You die...

# ##...# ##.##### .
#..#.##### #.#.###
#.#........######O#....
#.#..#..##.#...........
#####.#........#.##...#####
.S...........###S##.###
............(....†.>#
####.............####
....!....O@#..#.##
#########.........
....##.#.### ##...##.#.#
.#.#.#.#.# .⌠.#.#.#.#. K_..
# #. .⌠.⌠. #.


You could see an ogre, an adder (wandering) and a kobold.

Vanquished Creatures
  A hobgoblin (D:4)
1 creature vanquished.

Notes
Turn   | Place    | Note
-------+----------+-------------------------------------------
     0 | D:5      | xian the Octopode Delver began the quest for the Orb.
     0 | D:5      | Reached XP level 1. HP: 16/16 MP: 1/1
    80 | D:5      | Noticed a killer bee
   117 | D:4      | Noticed an ogre
   186 | D:4      | Found a sparkling altar of Nemelex Xobeh.
   188 | D:4      | Mangled by an ogre

Illustrated notes

Levels and vault maps discovered:
D:4:      minmay_evil_eye, layout_basic, nicolae_vehumet_radiance,
          nicolae_uskayaw_murder_on_the_dancefloor,
          nemelex_xobeh_ov_fountains_minmay, general_overflow_altar,
          minmay_temple_entry_trees, kennysheep_small_circle
D:5:      cheibrodos_iron_armory, layout_basic,
          nicolae_ru_great_annihilating_truth, kennysheep_minor_cross,
          solitary_fountain, minmay_misc_feat_hallway, uniq_grinder

Action                   || total
-------------------------++-------
Throw: Dart              ||     4
  Use: Scroll            ||     1
Dodge: Dodged            ||     1

Table legend: (Time is in decaauts)
 A = Elapsed time spent in this place.
 B = Non-inter-level travel time spent in this place.
 C = Inter-level travel time spent in this place.
 D = Time resting spent in this place.
 E = Time spent auto-exploring this place.
 F = Levels seen in this place.
 G = Mean time per level.
                   A        B        C        D        E       F      G
               +--------+--------+--------+--------+--------+-----+--------+
         Total |    187 |    161 |     26 |      0 |     45 |   2 |   93.5 |
       Dungeon |    187 |    161 |     26 |      0 |     45 |   2 |   93.5 |
               +--------+--------+--------+--------+--------+-----+--------+

Top non-repeatable levels by time:
     D:5: 112 daAuts
     D:4: 75 daAuts
